 Dungeon Crawl Stone Soup version 0.31-a0-750-gfe7b580527 (webtiles) character file.

Game seed: 12344652259511735950

63 Newt the Trooper (level 3, -2/30 HPs)
             Began as a Demonspawn Gladiator on Sept 14, 2023.
             Succumbed to a water moccasin's poison
             ... in a sewer.
             The game lasted 00:02:12 (2088 turns).

Newt the Trooper (Demonspawn Gladiator)             Turns: 2088, Time: 00:02:12

Health: -2/30      AC:  4    Str: 16    XL:     3   Next: 87%
Magic:  3/3        EV: 12    Int:  9    God:
Gold:   144        SH:  4    Dex: 14    Spells: 2/2 levels left

rFire   . . .        a - +0 rapier
rCold   . . .        (no shield)
rNeg    . . .        b - +0 leather armour
rPois   .            c - +0 helmet
rElec   .            (no cloak)
rCorr   .            (no gloves)
SInv    .            (no boots)
Will    +....        (no amulet)
Stlth   +            k - ring of willpower
HPRegen 0.25/turn    (no ring)
MPRegen 0.16/turn

%: no passive effects
@: lethally poisoned (-2 -> -12), hasted, invisible, very quick
A: magic regeneration, condensation shield
a: no special abilities


You were in a sewer.
You visited 1 branch of the dungeon, and saw 3 of its levels.
You also visited: Sewer.

You collected 144 gold pieces.

Inventory:

Hand Weapons
 a - a +0 rapier (weapon)
Missiles
 e - a javelin
 i - 5 poisoned darts
Armour
 b - a +0 leather armour (worn)
 c - a +0 helmet (worn)
Jewellery
 k - a ring of willpower (left hand)
Wands
 j - a wand of paralysis (7)
Scrolls
 f - a scroll of vulnerability
 g - a scroll of amnesia
 l - a scroll of enchant weapon {unknown}
 m - a scroll of teleportation {unknown}
 o - a scroll of acquirement {unknown}


   Skills:
 + Level 4.2 Fighting
 - Level 2.6 Short Blades
 - Level 1.7 Throwing
 - Level 2.6 Dodging


You had 2 spell levels left.
You didn't know any spells.
Your spell library was empty.

Dungeon Overview and Level Annotations

Branches:
Dungeon (3/15)              Sewer (1/1)

Altars:


Innate Abilities, Weirdness & Mutations

You regenerate magic rapidly.
A meltable shield of frost defends you. (SH +4)


Message History

You block the water moccasin's attack.
Throw: 2 throwing nets
Press: ? - help, Q - select action, (/) - cycle Shift-Dir - straight line, f/p - water moccasin
Aim: a water moccasin (moderately wounded, 38% to hit)
You throw a throwing net.
The throwing net barely misses the water moccasin.
You block the water moccasin's attack.
You hit the water moccasin.
The water moccasin is heavily wounded.
The water moccasin completely misses you.
The water moccasin bites you but does no damage.
Throw: throwing net
Press: ? - help, Q - select action, (/) - cycle Shift-Dir - straight line, f/p - water moccasin
Aim: a water moccasin (heavily wounded, 38% to hit)
You throw a throwing net.
The throwing net barely misses the water moccasin.
The water moccasin bites you!
* * * LOW HITPOINT WARNING * * *
It was a potion of invisibility.
You fade into invisibility!
The water moccasin barely misses you.
You hit the water moccasin.
The water moccasin is heavily wounded.
The water moccasin barely misses you. The water moccasin closely misses you.
You hit the water moccasin.
The water moccasin is severely wounded.
The water moccasin misses you.
The water moccasin bites you but does no damage.
You closely miss the water moccasin.
The water moccasin is severely wounded.
The water moccasin bites you.
* * * LOW HITPOINT WARNING * * *
You are lethally poisoned!
The water moccasin poisons you!
It was a potion of magic.
Magic courses through your body.
* * * LOW HITPOINT WARNING * * *
You feel very sick. The water moccasin closely misses you.
It was a potion of haste.
You feel yourself speed up.
You die...

#~~###~.##
#.~. #...#
#..# ##~~#
#.. #~.#
#. #~.#
##.~#
#~~.#
##..##
#~@.#
#.~..S##
#.~.~(#
##.~~##
#..~ .#~#
!?#. ## ##


You could see a water moccasin (unable to see you).

Vanquished Creatures
  4 worms
  4 dart slugs (D:1)
  4 endoplasms (D:1)
  2 giant cockroaches (D:2)
  A goblin (D:2)
  4 hobgoblins
  2 jackals (Sewer)
  3 kobolds (D:2)
  3 quokkas
  5 ball pythons
  4 bats
  4 frilled lizards
  4 rats
44 creatures vanquished.

Notes
Turn   | Place    | Note
-------+----------+-------------------------------------------
     0 | D:1      | Newt the Demonspawn Gladiator began the quest for the Orb.
     0 | D:1      | Reached XP level 1. HP: 16/16 MP: 1/1
   108 | D:1      | Gained mutation: You regenerate magic rapidly. [demonic
                  | ancestry]
   108 | D:1      | Reached XP level 2. HP: 16/23 MP: 2/2
   167 | D:1      | Reached skill level 3 in Fighting
   972 | D:2      | Gained mutation: A meltable shield of frost defends you.
                  | (SH +4) [demonic ancestry]
   972 | D:2      | Reached XP level 3. HP: 29/29 MP: 3/3
   974 | D:2      | Found a faded altar of an unknown god.
  1824 | D:3      | Reached skill level 4 in Fighting
  1866 | D:3      | Found a glowing drain.
  1995 | Sewer    | Entered a sewer
  2066 | Sewer    | Noticed a water moccasin
  2087 | Sewer    | HP: 1/30 [poisoned by a water moccasin]
  2088 | Sewer    | Succumbed to a water moccasin's poison

Illustrated notes

Levels and vault maps discovered:
D:1:      lightli_iron_boxes, layout_basic
D:2:      kb_forest_paths, layout_basic, basic_ecumenical_altar,
          grunt_decor_fettered, minmay_misc_feat_tiny
D:3:      layout_loops_ring, cheibrodos_sewer_entry_bend
Sewer:    sewer_the_moccasin

Skill      XL: |  1  2  3 |
---------------+----------+-----
Fighting       | 3 4 |  4.2
Short Blades   | |  2.6
Throwing       | |  1.7
Dodging        | |  2.6

Action                     || total
---------------------------++-------
  Melee: Rapier            ||   203
  Throw: Throwing net      ||     4
    Use: Scroll            ||     4
         Potion            ||     3
   Stab: Sleeping          ||     1
 Armour: Leather armour    ||    87
  Dodge: Dodged            ||   104
  Block: Other             ||    17

Table legend: (Time is in decaauts)
 A = Elapsed time spent in this place.
 B = Non-inter-level travel time spent in this place.
 C = Inter-level travel time spent in this place.
 D = Time resting spent in this place.
 E = Time spent auto-exploring this place.
 F = Levels seen in this place.
 G = Mean time per level.
                   A        B        C        D        E       F      G
               +--------+--------+--------+--------+--------+-----+--------+
         Total |   2111 |   2009 |    102 |    139 |   1443 |   4 |  527.8 |
       Dungeon |   2010 |   1908 |    102 |    139 |   1387 |   3 |  670.0 |
         Sewer |    101 |    101 |      0 |      0 |     56 |   1 |  101.0 |
               +--------+--------+--------+--------+--------+-----+--------+

Top non-repeatable levels by time:
     D:1: 919 daAuts
     D:2: 882 daAuts
     D:3: 208 daAuts
   Sewer: 101 daAuts
